 Dungeon Crawl Stone Soup version 0.22-a0-367-gb72a975 (webtiles) character file.

2088 Amnesiac the Merchant of Misery (level 9, -7/65 HPs)
             Began as a Mummy Wizard on Apr 22, 2018.
             Was a Believer of Kikubaaqudgha.
             Mangled by Sergey's ghost (12 damage)
             ... on level 7 of the Dungeon.
             The game lasted 00:13:31 (6883 turns).

Amnesiac the Merchant of Misery (Mummy Wizard)      Turns: 6883, Time: 00:13:32

Health: -7/65      AC:  3    Str: 10    XL:     9   Next: 6%
Magic:  14/25      EV: 13    Int: 21    God:    Kikubaaqudgha [**....]
Gold:   350        SH:  4    Dex: 10    Spells: 9/18 levels left

rFire    x . .     SeeInvis .   a - +2 dagger (venom)
rCold    + . .     Gourm    .   i - +0 buckler
rNeg     + + +     Faith    .   p - +0 robe
rPois    ∞         Spirit   .   (no helmet)
rElec    .         Reflect  .   t - +0 cloak
rCorr    .         Harm     .   (no gloves)
MR       ++...                  (no boots)
Stlth    ++........             m - amulet of regeneration
HPRegen  0.60/turn              f - ring of magical power
MPRegen  0.19/turn              k - ring of protection from magic

@: very slightly contaminated
A: no food or potions, fire vulnerability, cold resistance 1, negative energy
resistance 3, torment resistance, unbreathing
a: Receive Corpses, Renounce Religion


You were on level 7 of the Dungeon.
You worshipped Kikubaaqudgha.
Kikubaaqudgha was pleased with you.
You were not hungry.

You visited 2 branches of the dungeon, and saw 9 of its levels.

You collected 350 gold pieces.

Inventory:

Hand Weapons
 a - a +2 dagger of venom (weapon)
 u - a +4 quarterstaff of chaos
Armour
 d - a +0 troll leather armour {Purgy}
 i - a +0 buckler (worn)
 l - a +0 shield
 p - a +0 robe (worn)
 t - a +0 cloak (worn)
Magical Staves
 v - an uncursed staff of air
Jewellery
 c - a +3 amulet of reflection
 f - a ring of magical power (left hand)
 k - a ring of protection from magic (right hand)
 m - an amulet of regeneration (around neck)
 w - a +3 amulet of reflection
Wands
 b - a wand of flame (35)
 j - a wand of disintegration (14)
Scrolls
 e - 4 scrolls of remove curse {!r}
 g - a scroll of enchant weapon {!r, unknown}
 h - 3 scrolls of identify {!r}
 n - 3 scrolls of blinking {!r}
 o - 2 scrolls of teleportation {!r}
 q - a scroll of magic mapping {!r}
 r - a scroll of vulnerability {!r}
 s - a scroll of enchant armour {!r, unknown}


   Skills:
 + Level 4.1 Fighting
 + Level 4.6 Dodging
 - Level 1.5 Stealth
 + Level 4.6 Shields
 + Level 5.1 Spellcasting
 - Level 4.0 Conjurations
 - Level 0.7 Summonings
 + Level 5.2 Necromancy
   Level 0.7 Translocations


You had 9 spell levels left.
You knew the following spells:

 Your Spells              Type           Power        Failure   Level  Hunger
a - Magic Dart            Conj           ###.         1%          1    N/A
b - Call Imp              Summ           #.......     12%         2    N/A
e - Mephitic Cloud        Conj/Pois/Air  ##......     19%         3    N/A
s - Conjure Flame         Conj/Fire      ##......     14%         3    N/A

Dungeon Overview and Level Annotations

Branches:
Dungeon (8/15)             Temple (1/1) D:4
   Lair: D:8-11

Altars:
Ashenzari
Cheibriados
Dithmenos
Elyvilon
Hepliaklqana
Kikubaaqudgha
Makhleb
Nemelex Xobeh
Qazlal
Ru
Sif Muna
Trog
Uskayaw
Vehumet
Wu Jian
Yredelemnul
The Shining One

Annotations:
D:7 Sergey's ghost, novice TrBe


Innate Abilities, Weirdness & Mutations

You do not eat or drink.
Your flesh is vulnerable to fire.
You are immune to poison.
Your flesh is cold resistant. (rC+)
You are immune to negative energy. (rN+++)
You are immune to unholy pain and torment.
You can survive without breathing.


Message History

The magic dart hits the kobold.
The kobold throws a stone.
The stone closely misses you.
Casting: Magic Dart (safe; 1% risk of failure)
Confirm with . or Enter, or press ? or * to list all spells.
Aiming: Magic Dart (safe; 1% risk of failure)
Press: ? - help, Shift-Dir - straight line, f/p - kobold
Aim: a kobold, wielding a dagger The magic dart hits the kobold.
The kobold is moderately wounded.
The kobold throws a stone.
You block the stone.
Casting: Magic Dart (safe; 1% risk of failure)
Confirm with . or Enter, or press ? or * to list all spells.
Aiming: Magic Dart (safe; 1% risk of failure)
Press: ? - help, Shift-Dir - straight line, f/p - kobold
Aim: a kobold, wielding a dagger (moderately wounded)
The magic dart hits the kobold.
You kill the kobold!
Kikubaaqudgha accepts your kill.
Casting: Magic Dart (safe; 1% risk of failure)
Confirm with . or Enter, or press ? or * to list all spells.
Aiming: Magic Dart (safe; 1% risk of failure)
Press: ? - help, Shift-Dir - straight line, f - kobold
Aim: a kobold The magic dart hits the kobold.
Casting: Magic Dart (safe; 1% risk of failure)
Confirm with . or Enter, or press ? or * to list all spells.
Aiming: Magic Dart (safe; 1% risk of failure)
Press: ? - help, Shift-Dir - straight line, f/p - kobold
Aim: a kobold The magic dart hits the kobold.
You kill the kobold!
Kikubaaqudgha accepts your kill.
Sergey's ghost turns its malevolent gaze towards you.
Casting: Magic Dart (safe; 1% risk of failure)
Confirm with . or Enter, or press ? or * to list all spells.
Aiming: Magic Dart (safe; 1% risk of failure)
Press: ? - help, Shift-Dir - straight line, f - Sergey's ghost
Aim: Sergey's ghost The magic dart hits Sergey's ghost.
Sergey's ghost is lightly damaged.
Casting: Magic Dart (safe; 1% risk of failure)
Confirm with . or Enter, or press ? or * to list all spells.
Aiming: Magic Dart (safe; 1% risk of failure)
Press: ? - help, Shift-Dir - straight line, f/p - Sergey's ghost
Aim: Sergey's ghost (lightly damaged)
The magic dart hits Sergey's ghost.
Sergey's ghost is lightly damaged.
Casting: Magic Dart (safe; 1% risk of failure)
Confirm with . or Enter, or press ? or * to list all spells.
Aiming: Magic Dart (safe; 1% risk of failure)
Press: ? - help, Shift-Dir - straight line, f/p - Sergey's ghost
Aim: Sergey's ghost (lightly damaged)
The magic dart hits Sergey's ghost.
Sergey's ghost is lightly damaged.
Sergey's ghost barely misses you.
Casting: Magic Dart (safe; 1% risk of failure)
Confirm with . or Enter, or press ? or * to list all spells.
You don't know that spell.
Sergey's ghost hits you!
* * * LOW HITPOINT WARNING * * *
There is an open door here.
Sergey's ghost hits you!
You die...
Kikubaaqudgha rasps: "You have failed me!
Welcome... oblivion!"

.##...# #### ..##....
...###..##.....
............(..
........##...######
........##...##...#
..................# K
.>................# K.
<####.### #..##@.# @K
############(.###W# ..
..%...'...'.......# .#
......#...#......(##..####
....(.#..>#.......))(....#
###...##..##..##..##.....#
###...##..###'##+### ....#
......#.............. ...#
......#.............. ..#


You could see Sergey's ghost.

Vanquished Creatures
  Joseph (D:7)
  The ghost of khargal the Skirmisher, an amateur DrFi (D:4)
  Sigmund (D:2)
  Eustachio (D:4)
  Purgy (D:3)
  A sky beast (D:5)
  An ice beast (D:6)
  An ogre (D:5)
  A bullfrog (D:7)
  2 scorpions (D:5)
  A killer bee (D:8)
  A crimson imp (D:7)
  A centaur zombie (D:7)
  A hound (D:4)
  Crazy Yiuf (D:5)
  An orc priest (D:4)
  A bullfrog skeleton (D:4)
  2 orc wizards
  A centaur skeleton (D:4)
  3 iguanas
  3 worker ants
  8 adders
  An ooze (D:4)
  4 dart slugs
  6 leopard geckos
  9 orcs
  2 ball pythons
  9 bats
  5 giant cockroaches
  2 goblins
  7 hobgoblins
  7 jackals
  3 kobolds
  A quokka (D:8)
  5 frilled lizards
  10 rats
106 creatures vanquished.

Vanquished Creatures (collateral kills)
  The ghost of p0werm0de the Covered, an amateur DDFi (D:3)
  A crimson imp (D:6)
  An iron imp (D:6)
  2 worker ants (D:4)
  4 gnolls (D:4)
  A shadow imp (D:5)
  4 worms
  4 orcs (D:6)
  A quokka (D:5)
19 creatures vanquished.

Grand Total: 125 creatures vanquished

Notes
Turn   | Place    | Note
-------+----------+-------------------------------------------
     0 | D:1      | Amnesiac the Mummy Wizard began the quest for the Orb.
     0 | D:1      | Reached XP level 1. HP: 13/13 MP: 5/5
   495 | D:3      | Reached XP level 2. HP: 20/20 MP: 7/7
   499 | D:3      | Learned a level 2 spell: Call Imp
   526 | D:3      | Noticed p0werm0de's ghost (amateur DDFi)
   540 | D:3      | Killed p0werm0de's ghost
   540 | D:3      | Reached skill level 1 in Fighting
   540 | D:3      | Reached XP level 3. HP: 12/27 MP: 7/8
   545 | D:3      | Learned a level 3 spell: Conjure Flame
   549 | D:3      | Learned a level 3 spell: Mephitic Cloud
   851 | D:3      | Found a stormy altar of Qazlal.
   964 | D:5      | Entered Level 5 of the Dungeon
   975 | D:5      | Reached skill level 1 in Conjurations
   975 | D:5      | Reached XP level 4. HP: 23/33 MP: 10/10
  1134 | D:4      | Noticed Eustachio
  1160 | D:4      | Noticed khargal's ghost (amateur DrFi)
  1258 | D:4      | Reached skill level 1 in Shields
  1504 | D:4      | Reached XP level 5. HP: 38/38 MP: 3/11
  1921 | D:4      | Reached XP level 6. HP: 40/44 MP: 0/12
  2058 | D:4      | Found a staircase to the Ecumenical Temple.
  2129 | Temple   | Entered the Ecumenical Temple
  2168 | Temple   | Became a worshipper of Kikubaaqudgha
  3229 | D:2      | Reached * piety under Kikubaaqudgha
  3229 | D:2      | Identified Kikubaaqudgha's Disquisition on Sinister Secrets (Kikubaaqudgha gifted it to you on level 2 of the Dungeon)
  3229 | D:2      | Received a gift from Kikubaaqudgha
  3234 | D:2      | Noticed Sigmund
  3337 | D:2      | Killed Sigmund
  3458 | D:2      | Found a burning altar of Makhleb.
  3620 | D:3      | Noticed Purgy
  3633 | D:3      | Killed Purgy
  3633 | D:3      | Reached XP level 7. HP: 52/52 MP: 8/13
  4468 | D:4      | Killed khargal's ghost
  4643 | D:4      | Killed Eustachio
  4703 | D:5      | Reached skill level 1 in Necromancy
  4740 | D:5      | Reached XP level 8. HP: 56/58 MP: 14/14
  4872 | D:5      | Reached ** piety under Kikubaaqudgha
  4936 | D:5      | Found a sparkling altar of Nemelex Xobeh.
  5768 | D:5      | Found a runed door.
  5986 | D:5      | Noticed Crazy Yiuf
  5997 | D:5      | Killed Crazy Yiuf
  6052 | D:6      | Found a shadowy altar of Dithmenos.
  6141 | D:6      | Found a snail-covered altar of Cheibriados.
  6245 | D:6      | Found a basalt altar of Yredelemnul.
  6523 | D:7      | Noticed Sergey's ghost (novice TrBe)
  6658 | D:8      | Noticed a two-headed ogre
  6716 | D:7      | Reached skill level 5 in Necromancy
  6857 | D:7      | Noticed Joseph
  6872 | D:7      | Killed Joseph
  6872 | D:7      | Reached skill level 5 in Spellcasting
  6872 | D:7      | Reached XP level 9. HP: 14/65 MP: 16/16
  6883 | D:7      | Mangled by Sergey's ghost

Vault maps used:
D:1:      dpeg_arrival_three_bigger_balls
D:2:      lemuel_tele_altar, uniq_sigmund
D:3:      nicolae_overflow_crystal_walls, kennysheep_generic_room_15, uniq_purgy
D:4:      temple_hall, first_ration, minmay_misc_feat_tower, uniq_eustachio
D:5:      nemelex_xobeh_ov_fountains_minmay, uniq_crazy_yiuf_cottage
D:6:      old_standard_altar, slow_altar_1, grunt_dithmenos_smoke
D:7:      grunt_ogre_cave, uniq_prince_ribbit1, uniq_joseph
D:8:      minmay_bloctagon_deflated, grunt_temple_overflow_champion_of_chaos,
          fedhas_altar_3, old_standard_altar, kennysheep_little_box,
          serial_shops, nicolae_shop_trees
Temple:   minmay_temple_bridge_abc

Skill      XL: |  1  2  3  4  5  6  7  8 |
---------------+-------------------------+-----
Dodging        | 2 3 4 |  4.6
Fighting       | 1 2 3 4 |  4.1
Conjurations   | 1 4 |  4.0
Shields        | 1 3 4 |  4.6
Necromancy     | 1 5 |  5.2
Spellcasting   | 5 |  5.1
Stealth        | |  1.5
Summonings     | |  0.7
Translocations | |  0.7

Action                   |  1- 3 |  4- 6 |  7- 9 || total
-------------------------+-------+-------+-------++-------
Melee: Unarmed           |     3 |       |       ||     3
       Dagger            |       |    17 |   192 ||   209
 Cast: Magic Dart        |    47 |   142 |    58 ||   247
       Call Imp          |     6 |    14 |    15 ||    35
       Mephitic Cloud    |       |     6 |     9 ||    15
       Conjure Flame     |       |     4 |     7 ||    11
  Use: Scroll            |     2 |     4 |     4 ||    10
 Stab: Confused          |       |     1 |     1 ||     2
       Sleeping          |       |       |     1 ||     1
Armor: Robe              |     2 |    14 |    20 ||    36
Dodge: Dodged            |    14 |    34 |   121 ||   169
Block: Other             |     1 |     4 |       ||     5
       Buckler           |       |     9 |    51 ||    60

Table legend:
 A = Spawn XP
 B = Non-spawn XP
 C = Spawn XP percentage of total XP
 D = Spawn monster count
 E = Non-spawn monster count
 F = Spawn count percentage of total count
 G = Total turns spent on level
                    A         B        C        D         E        F      G
               +---------+---------+-------+---------+---------+-------+---------
         Total |       0 |    2984 |   0.0 |       0 |     125 |   0.0 |  6883
               +---------+---------+-------+---------+---------+-------+---------
           D:1 |       0 |      36 |   0.0 |       0 |      18 |   0.0 |  1045
           D:2 |       0 |     262 |   0.0 |       0 |      17 |   0.0 |   663
           D:3 |       0 |     248 |   0.0 |       0 |      23 |   0.0 |  1277
           D:4 |       0 |     780 |   0.0 |       0 |      23 |   0.0 |  1518
           D:5 |       0 |     611 |   0.0 |       0 |      18 |   0.0 |  1458
           D:6 |       0 |     238 |   0.0 |       0 |      11 |   0.0 |   507
           D:7 |       0 |     723 |   0.0 |       0 |      12 |   0.0 |   300
           D:8 |       0 |      86 |   0.0 |       0 |       3 |   0.0 |    40
               +---------+---------+-------+---------+---------+-------+---------
